Map: Dusk Towers

Players

SiFu

  • Race: Zerg Zerg
  • League: Master

MCanning - Winner!

  • Race: Protoss Protoss
  • League: Grandmaster

VOD

https://www.youtube.com/watch?v=5eXOxuWZCgg

Description

Time

  • Played on: Feb. 16, 2016, 4 p.m.
  • Length: 8:43
Show
View Real Time Build Order
Export as new Build Order

SiFu Zerg 

Build Orders: Hatch First 

Get SALT Encoding   

  12  0:00  Drone  
  13  0:08  Drone  
  14  0:17  Overlord  
  14  0:24  Drone, Extractor  
  15  0:35  Drone  
  15  0:36  Drone  
  17  0:54  Hatchery  
  16  0:57  Drone  
  16  0:59  Drone  
  18  1:14  Spawning Pool  
  18  1:15  Drone  
  18  1:19  Drone  
  19  1:28  Drone  
  20  1:40  Hatchery  
  20  1:46  Drone  
  20  1:54  Drone  
  21  2:02  Zergling x2  
  21  2:05  Queen  
  21  2:07  Queen  
  26  2:14  Overlord  
  26  2:17  Drone  
  26  2:21  Drone  
  28  2:34  Drone x3  
  31  2:42  Overlord  
  31  2:44  Drone  
  31  2:45  Queen  
  31  2:50  Drone  
  35  2:52  Queen  
  35  2:57  Drone x2  
  39  3:00  Drone  
  39  3:03  Extractor  
  39  3:04  Extractor  
  38  3:05  Drone  
  38  3:06  Drone  
  38  3:12  Queen  
  42  3:14  Overlord  
  42  3:17  Drone  
  42  3:18  Drone  
  43  3:25  Overlord  
  43  3:30  Drone x5  
  48  3:39  Roach Warren  
  45  3:46  Zergling x8  
  44  4:12  Metabolic Boost  
  44  4:20  Drone x10  
  52  4:28  Drone x2  
  52  4:44  Drone x8  
  60  4:53  Lair  
  60  4:56  Extractor x2  
  60  4:59  Evolution Chamber  
  57  5:00  Evolution Chamber, Drone x2  
  57  5:02  Drone  
  57  5:04  Overlord  
  59  5:12  Drone x4  
  59  5:13  Drone  
  64  5:17  Drone  
  64  5:18  Drone  
  66  5:26  Zerg Missile Weapons Level 1, Zerg Ground Armor Level 1  
  66  5:27  Drone  
  66  5:28  Drone x4  
  71  5:41  Drone x3  
  71  5:42  Overlord x3  
  74  5:45  Extractor  
  74  5:46  Extractor  
  72  6:00  Hydralisk Den  
  72  6:01  Hatchery, Drone  
  71  6:11  Drone x4  
  73  6:12  Drone x2  
  77  6:26  Glial Reconstitution  
  77  6:27  Roach  
  77  6:28  Roach x6  
  77  6:29  Overlord x5  
  88  6:48  Roach x9  
  106  6:58  Roach  
  106  6:59  Roach x3  
  112  7:10  Drone x6  
  112  7:13  Drone  
  119  7:19  Drone x2  
  121  7:23  Hatchery  
  121  7:29  Drone  
  121  7:30  Drone x3  
  121  7:35  Drone x4  
  128  7:37  Overlord  
  128  7:38  Extractor x2  
  128  7:39  Overlord  
  128  7:42  Overseer  
  126  7:44  Drone  
  126  7:45  Drone  
  128  7:52  Infestation Pit  
  128  7:54  Drone  
  128  8:00  Drone  
  129  8:08  Roach x11  
  129  8:09  Roach  
  140  8:22  Roach x2  
  140  8:23  Roach x9  
  140  8:24  Overlord x2  
  136  8:33  Ravager  
  136  8:34  Ravager x9  
Show
View Real Time Build Order
Export as new Build Order

MCanning Protoss - Winner!

Build Orders: Nexus First 

Get SALT Encoding   

  12  0:03  Probe (Chrono Boost)  
  13  0:13  Probe (Chrono Boost)  
  14  0:23  Pylon  
  14  0:24  Probe (Chrono Boost)  
  15  0:41  Probe (Chrono Boost)  
  16  0:52  Probe (Chrono Boost)  
  17  1:03  Nexus  
  17  1:07  Probe (Chrono Boost)  
  18  1:14  Gateway  
  18  1:18  Probe (Chrono Boost)  
  19  1:23  Assimilator  
  19  1:28  Assimilator, Probe (Chrono Boost)  
  20  1:39  Probe (Chrono Boost)  
  21  1:46  Gateway  
  21  1:49  Probe (Chrono Boost)  
  22  2:00  Probe (Chrono Boost)  
  23  2:02  Cybernetics Core  
  23  2:14  Probe (Chrono Boost)  
  24  2:16  Probe (Chrono Boost)  
  25  2:25  Probe (Chrono Boost)  
  25  2:27  Probe (Chrono Boost)  
  26  2:35  Probe (Chrono Boost)  
  27  2:37  Probe (Chrono Boost)  
  27  2:39  Adept x2 (Chrono Boost)  
  27  2:42  Warp Gate  
  32  2:47  Mothership Core (Chrono Boost)  
  32  2:49  Pylon  
  32  2:50  Probe  
  35  3:02  Probe (Chrono Boost)  
  36  3:08  Sentry x2, Probe (Chrono Boost)  
  41  3:13  Probe (Chrono Boost)  
  41  3:18  Probe (Chrono Boost)  
  43  3:25  Probe (Chrono Boost), Nexus  
  44  3:31  Pylon  
  44  3:34  Probe (Chrono Boost)  
  45  3:48  Probe (Chrono Boost), Pylon  
  46  3:50  Probe (Chrono Boost)  
  47  3:58  Probe (Chrono Boost)  
  47  4:01  Probe (Chrono Boost)  
  49  4:09  Probe (Chrono Boost)  
  50  4:16  Robotics Facility  
  50  4:20  Probe (Chrono Boost)  
  50  4:21  Gateway  
  50  4:22  Gateway  
  51  4:26  Pylon  
  51  4:31  Probe (Chrono Boost)  
  48  4:34  Probe (Chrono Boost)  
  48  4:35  Assimilator  
  48  4:36  Forge  
  49  4:38  Assimilator  
  49  4:39  Gateway  
  49  4:40  Pylon x2  
  49  4:42  Gateway  
  49  4:47  Probe (Chrono Boost)  
  49  4:49  Twilight Council  
  49  4:50  Sentry  
  49  4:51  Sentry  
  54  4:53  Probe (Chrono Boost)  
  54  4:55  Probe (Chrono Boost)  
  54  4:57  Probe (Chrono Boost)  
  57  5:02  Probe (Chrono Boost)  
  57  5:04  Probe (Chrono Boost)  
  57  5:06  Observer (Chrono Boost)  
  60  5:08  Probe  
  60  5:10  Robotics Bay  
  60  5:13  Pylon  
  61  5:15  Probe, Zealot  
  61  5:20  Stalker  
  66  5:22  Probe  
  67  5:29  Protoss Ground Weapons Level 1  
  67  5:31  Stalker  
  67  5:34  Probe x2 (Chrono Boost)  
  70  5:36  Blink (Chrono Boost)  
  70  5:39  Probe (Chrono Boost)  
  72  5:46  Probe x2 (Chrono Boost)  
  74  5:50  Probe (Chrono Boost)  
  74  5:52  Disruptor  
  74  5:55  Assimilator  
  74  5:56  Probe (Chrono Boost)  
  74  5:57  Probe (Chrono Boost)  
  80  5:59  Assimilator  
  80  6:01  Probe  
  81  6:08  Probe  
  82  6:12  Gateway x2  
  82  6:14  Gateway  
  82  6:15  Probe  
  82  6:16  Dark Shrine, Probe  
  84  6:20  Probe  
  84  6:22  Adept x4  
  93  6:32  Adept x2  
  95  6:38  Probe  
  98  6:40  Probe  
  98  6:43  Pylon  
  98  6:44  Disruptor  
  98  6:45  Pylon  
  99  6:49  Probe, Pylon  
  103  7:00  Probe  
  104  7:07  Probe  
  101  7:08  Stalker x2  
  101  7:09  Stalker x4  
  113  7:15  Disruptor  
  113  7:17  Pylon x2  
  113  7:19  Pylon  
  116  7:33  Dark Templar  
  116  7:35  Dark Templar  
  120  7:37  Dark Templar  
  120  7:38  Nexus  
  120  7:39  Dark Templar  
  120  7:40  Pylon  
  120  7:41  Pylon  
  120  7:43  Zealot x4  
  132  7:53  Probe  
  132  7:56  Pylon  
  133  7:59  Stalker  
  135  8:08  Stalker x4  
  135  8:09  Stalker  
  145  8:13  Probe  
  146  8:21  Probe  
  141  8:30  Stalker  
  141  8:31  Stalker x5  
Tags
 
Add a new tag
Caveats
  • Supply blocks, unpowered buildings, or Contaminate may cause inaccurate times.
  • Supply counts are checked every 10 seconds.